AoeStats
← Jennie

Oasis

507669012Analyzed
3v3 RM · 13d ago on Sep 19, 2026· 46m 43s· 6 players
Game mode
Random Map
Map size
Normal (6 player)
Population
200
Speed
Normal
Resources
Standard
Victory
Conquest
Starting age
Dark Age
Ending age
Imperial Age
RankedLock teamsTeams togetherTeam positionsShared explorationLock speedFull tech treeHidden civsTurbo modeCheats
Victory
Defeat
🇨🇳 Bulgarians · China
1042
+12
🇨🇳 Mongols · China
1012
+13
🇨🇳 Japanese · China
994
+14
🇨🇳 Spanish · China
996
-14
🇨🇳 Turks · China
970
-14
🇨🇳 Tatars · China
904
-11
Alaric the Visigoth
4:23 Loom
12:13 Feudal Age
12:41 Double-Bit Axe
16:04 Castle Age
14:22 Horse Collar
17:04 Bow Saw
16:55 Heavy Plow
22:46 Town Watch
23:50 Wheelbarrow
25:22 Hand Cart
26:44 Scale Barding Armor
26:41 Gold Mining
26:41 Stone Mining
29:44 Imperial Age
27:16 Treadmill Crane
28:25 Chain Barding Armor
29:36 Husbandry
29:46 Bloodlines
30:02 Forging
29:45 Fletching
30:30 Bodkin Arrow
31:16 Plate Barding Armor
31:45 Conscription
31:26 Elite Steppe Lancer
32:47 Iron Casting
32:53 Padded Archer Armor
32:54 Light Cavalry
36:27 Blast Furnace
35:58 Bracer
36:03 Silk Armor
36:29 Padded Archer Armor
36:56 Ballistics
37:07 Heavy Cavalry Archer
38:27 Coinage
37:35 Capped Ram
38:36 Leather Archer Armor
39:23 Chemistry
38:12 Hussar
39:38 Banking
39:04 Onager
39:06 Siege Ram
40:33 Ring Archer Armor
40:11 Siege Engineers
40:17 Timurid Siegecraft
Jennie
12:33 Feudal Age
16:48 Castle Age
16:23 Double-Bit Axe
16:21 Horse Collar
17:51 Heavy Plow
22:29 Wheelbarrow
25:47 Hand Cart
26:12 Bow Saw
27:05 Gold Mining
32:53 Imperial Age
31:39 Forging
31:36 Scale Barding Armor
33:08 Husbandry
33:19 Bloodlines
33:44 Chain Barding Armor
34:00 Iron Casting
32:59 Cavalier
34:43 Paladin
41:10 Blast Furnace
40:49 Plate Barding Armor
41:18 Blast Furnace
289487648
5:06 Loom
9:56 Feudal Age
11:44 Feudal Age
13:54 Double-Bit Axe
16:20 Castle Age
14:36 Horse Collar
15:12 Gold Mining
15:35 Stone Mining
20:00 Wheelbarrow
27:11 Heavy Plow
28:04 Hand Cart
33:21 Imperial Age
32:25 Fletching
32:49 Bloodlines
32:39 Husbandry
32:46 Scale Barding Armor
33:19 Bodkin Arrow
34:12 Gold Shaft Mining
34:30 Conscription
34:13 Artillery
35:14 Padded Archer Armor
35:17 Bracer
35:12 Elite Janissary
D4C
11:00 Feudal Age
10:05 Loom
11:56 Double-Bit Axe
19:10 Castle Age
17:38 Horse Collar
18:55 Stone Mining
19:08 Gold Mining
20:31 Bow Saw
23:14 Heavy Plow
24:25 Gold Shaft Mining
24:33 Wheelbarrow
24:36 Fletching
25:07 Bodkin Arrow
26:32 Husbandry
26:43 Bloodlines
28:55 Hand Cart
32:05 Imperial Age
29:23 Town Watch
30:27 Scale Mail Armor
30:35 Scale Barding Armor
30:41 Forging
30:32 Scale Mail Armor
30:50 Squires
30:35 Arson
31:31 Stirrups
32:19 Chain Barding Armor
33:14 Conscription
32:56 Bracer
33:37 Crop Rotation
32:48 Light Cavalry
34:06 Plate Barding Armor
33:47 Chain Mail Armor
34:07 Iron Casting
33:45 Hussar
35:50 Plate Mail Armor
34:47 Hussar
36:35 Blast Furnace
36:54 Stone Shaft Mining
35:43 Elite Konnik
36:46 Pikeman
41:08 Masonry
43:05 Architecture
43:09 Capped Ram
讨嫌宝儿
12:21 Feudal Age
16:00 Castle Age
13:51 Double-Bit Axe
13:58 Horse Collar
17:06 Bow Saw
16:58 Heavy Plow
24:13 Wheelbarrow
24:14 Heavy Plow
24:56 Gold Mining
24:57 Stone Mining
27:52 Gold Shaft Mining
27:26 Loom
27:56 Hand Cart
27:26 Town Watch
32:14 Imperial Age
31:14 Fletching
31:24 Padded Archer Armor
31:47 Ballistics
31:07 Treadmill Crane
31:37 Masonry
31:23 Murder Holes
32:16 Heavy Cavalry Archer
33:02 Thumb Ring
33:22 Parthian Tactics
33:59 Bodkin Arrow
34:20 Leather Archer Armor
35:07 Chemistry
34:38 Conscription
35:07 Bracer
37:04 Bloodlines
36:56 Husbandry
37:10 Pikeman
37:50 Squires
37:35 Arson
38:14 Scale Mail Armor
38:24 Forging
38:45 Ring Archer Armor
39:15 Ring Archer Armor
39:02 Chain Mail Armor
38:31 Halberdier
40:45 Coinage
40:16 Caravan
40:48 Coinage
40:50 Plate Mail Armor
43:54 Iron Casting
44:18 Banking
45:28 Blast Furnace
47:33 Two-Man Saw
46:30 Man-at-Arms
qbe
8:42 Loom
11:22 Feudal Age
12:07 Double-Bit Axe
15:07 Castle Age
13:22 Horse Collar
16:19 Bow Saw
19:35 Wheelbarrow
23:55 Hand Cart
25:11 Heavy Plow
25:48 Gold Mining
25:50 Stone Mining
26:06 Caravan
27:24 Gold Shaft Mining
27:29 Stone Shaft Mining
27:45 Town Watch
31:07 Imperial Age
29:11 Fletching
29:22 Padded Archer Armor
30:02 Ballistics
29:40 Bodkin Arrow
31:23 Leather Archer Armor
31:19 Scale Barding Armor
31:25 Nomads
32:18 Conscription
32:20 Drill
31:22 Elite Mangudai
32:03 Bracer
33:05 Chemistry
32:47 Onager
33:51 Siege Engineers
34:20 Husbandry
34:31 Bloodlines
34:54 Siege Onager
36:51 Parthian Tactics
36:32 Thumb Ring
39:10 Hoardings
40:54 Capped Ram
41:51 Heavy Scorpion
41:53 Siege Ram
Connection lost

Rejoining the realm…

Still unreachable

The connection could not be restored.

Session expired

The server has moved on; the page needs a fresh start.